 Dungeon Crawl Stone Soup version 0.29-a0-322-g68df515428 (webtiles) character file.

Game seed: 4573738844191155329

105 GigaChad the Slasher (level 4, -4/40 HPs)
             Began as a Draconian Chaos Knight on Apr 7, 2022.
             Was a Plaything of Xom.
             Slain by a gnoll
             ... wielding a +0 halberd
              (10 damage)
             ... on level 4 of the Dungeon.
             The game lasted 00:09:02 (2363 turns).

GigaChad the Slasher (Draconian Chaos Knight)       Turns: 2363, Time: 00:09:02

Health: -4/40      AC:  5    Str: 14    XL:     4   Next: 53%
Magic:  4/4        EV: 12    Int: 13    God:    Xom [....*.]
Gold:   156        SH:  0    Dex: 12    Spells: 3/3 levels left

rFire   . . .      SeeInvis +   n - +0 great sword (flame)
rCold   . . .      Faith    .   (shield currently unavailable)
rNeg    . . .      Spirit   .   (body armour unavailable)
rPois   .          Reflect  .   (helmet restricted)
rElec   .          Harm     .   (no cloak)
rCorr   .          Rampage  .   (no gloves)
Will    .....                   (no boots)
Stlth   +.........              (no amulet)
HPRegen 0.13/turn               j - ring of see invisible
MPRegen 0.09/turn               (no ring)

@: no status effects
A: AC +5, unfitting armour, cold-blooded
a: Renounce Religion


You were on level 4 of the Dungeon.
You worshipped Xom.
You were a beloved toy of Xom.
You visited 1 branch of the dungeon, and saw 4 of its levels.

You collected 156 gold pieces.

Inventory:

Hand Weapons
 a - a +1 falchion of chaos
 e - a +0 hand axe
 n - a +0 great sword of flaming (weapon)
Missiles
 r - a throwing net
Jewellery
 j - a ring of see invisible (left hand)
 p - a ring of wizardry
Scrolls
 c - a scroll of amnesia
 f - 3 scrolls of identify
 m - 3 scrolls of noise
 o - a scroll of teleportation
 u - a scroll of magic mapping {unknown}
Potions
 d - a potion of lignification {unknown}
 g - a potion of curing {unknown}
 h - a potion of flight {unknown}
 i - a potion of invisibility {unknown}
 k - a potion of brilliance
 l - a potion of berserk rage {unknown}
 q - a potion of mutation {unknown}
 s - a potion of haste {unknown}
 t - a potion of ambrosia {unknown}
Miscellaneous
 b - a piece from Xom's chessboard (15/15) (quivered)


   Skills:
 + Level 4.1 Fighting
 + Level 4.4 Long Blades
 + Level 2.5 Dodging
 + Level 0.6 Stealth


You had 3 spell levels left.
You didn't know any spells.
Your spell library was empty.

Dungeon Overview and Level Annotations

Branches:
Dungeon (4/15)
 Temple: D:4-7

Altars:
Nemelex Xobeh

Shops:
D:1 *!?


Innate Abilities, Weirdness & Mutations

Your plain brown scales are hard. (AC +5)
You cannot fit into any form of body armour.
You are cold-blooded and may be slowed by cold attacks.


Message History

It bursts into flame!
The goblin shoots a sling bullet.
The sling bullet hits you but does no damage.
The goblin shoots a sling bullet.
The sling bullet closely misses you.
You see here a +0 dagger.
The goblin shoots a sling bullet.
The sling bullet closely misses you.
The goblin unwields a +0 hunting sling of flaming.
It stops flaming.
The goblin wields a +0 dagger.
The goblin hits you but does no damage.
You barely miss the goblin. The goblin hits you but does no damage.
You closely miss the goblin. The goblin closely misses you.
The goblin misses you.
You closely miss the goblin. The goblin hits you with a +0 dagger.
You slash the goblin! You burn the goblin.
You kill the goblin!
Things that are here:
a +0 dagger; a +0 hunting sling of flaming
Things that are here:
a +0 dagger; a +0 hunting sling of flaming You see here a +0 dagger.
You hear the slow rusting of a drain nearby.
A gnoll comes into view. It is wielding a +0 halberd.
The gnoll shouts!
You hear a shout!
The gnoll throws a throwing net.
The throwing net closely misses you.
You see here a throwing net.
You see here 11 gold pieces.
The gnoll barely misses you. The gnoll hits you with a +0 halberd!
A shower of butterflies erupts from you!
You see here a throwing net.
You hit the gnoll. You burn the gnoll.
The gnoll is heavily wounded.
The gnoll closely misses you.
You closely miss the gnoll.
The gnoll is heavily wounded.
The gnoll hits you with a +0 halberd! x2
* * * LOW HITPOINT WARNING * * *
You closely miss the gnoll.
The gnoll is heavily wounded.
The gnoll hits you with a +0 halberd!
You die...

### ## ##.###. #########
######...... ...#...
........###.
###.#.##########....#.
#######).b).......#####.#.#.
........#...#...........#.#.
.##########g#.###.####### #.
.....bb@#.# #.# #.
#######b#.# #.# #. #$#.# #.#
#. #.#.# ... #. ..#.#
###########. ......
......[....
....############.###
####.#.....#...##..#
###.....#.^.###.##


You could see a gnoll (ally target).

Vanquished Creatures
  Jessica (D:3)
  3 adders
  2 worms (D:2)
  2 dart slugs
  3 orcs (D:4)
  2 endoplasms
  A giant cockroach (D:2)
  6 goblins
  4 hobgoblins
  A kobold (D:3)
  8 ball pythons
  A bat (D:2)
  2 frilled lizards
  5 rats
41 creatures vanquished.

Notes
Turn   | Place    | Note
-------+----------+-------------------------------------------
     0 | D:1      | GigaChad the Draconian Chaos Knight began the quest for the
                  | Orb.
     0 | D:1      | Reached XP level 1. HP: 19/19 MP: 1/1
   161 | D:1      | Found Wocy's Assorted Antiques.
   195 | D:1      | XOM: silly message
   254 | D:1      | Found Meyteg's Distillery.
   350 | D:1      | Found Lyoset's Magic Scroll Shoppe.
   538 | D:1      | Reached XP level 2. HP: 27/27 MP: 2/2
   569 | D:2      | XOM: scenery: summon butterflies
   947 | D:2      | XOM: 5-stop teleportation journey
   985 | D:2      | XOM: noise
  1032 | D:2      | XOM: silly message
  1241 | D:2      | Reached XP level 3. HP: 32/33 MP: 3/3
  1377 | D:2      | XOM: silly message
  1756 | D:2      | XOM: divination: detect creatures
  1768 | D:2      | XOM is BORED!
  1768 | D:2      | XOM: silly message
  1848 | D:3      | Found a sparkling altar of Nemelex Xobeh.
  1942 | D:3      | Reached XP level 4. HP: 40/40 MP: 4/4
  1960 | D:3      | Noticed Jessica
  1964 | D:3      | Killed Jessica
  2051 | D:3      | Found a faded altar of an unknown god.
  2086 | D:3      | XOM: 7-stop teleportation journey
  2360 | D:4      | XOM: butterfly on damage
  2363 | D:4      | Slain by a gnoll

Illustrated notes

Levels and vault maps discovered:
D:1:      onia_arrival_pentagram, layout_loops_ring, serial_shops,
          nicolae_shop_competitors_out_of_business, shop_scrolls, shop
D:2:      layout_loops_ring, nicolae_concentric_dashed_squares_wild,
          small_statue_intersection
D:3:      layout_loops_ring, lemuel_coloured_pillars_altar,
          hellmonk_ecumenical_altar_zigzags, st_stairs_9, uniq_jessica
D:4:      layout_basic, gup_sewer_entry_bubbles, grunt_decor_clamped

Skill      XL: |  1  2  3 |
---------------+----------+-----
Fighting       | 4 |  4.1
Long Blades    | 4 |  4.4
Dodging        | |  2.5
Stealth        | |  0.6

Action                   |  1- 3 |  4- 6 || total
-------------------------+-------+-------++-------
Melee: Falchion          |    80 |     1 ||    81
       Tailslap          |    11 |     1 ||    12
       Punch             |     1 |       ||     1
       Great sword       |    14 |    18 ||    32
  Use: Scroll            |     8 |     1 ||     9
 Stab: Distracted        |     1 |       ||     1
Armor: Skin              |    24 |     7 ||    31
Dodge: Dodged            |    76 |    17 ||    93

Table legend: (Time is in decaauts)
 A = Elapsed time spent in this place.
 B = Non-inter-level travel time spent in this place.
 C = Inter-level travel time spent in this place.
 D = Time resting spent in this place.
 E = Time spent auto-exploring this place.
 F = Levels seen in this place.
 G = Mean time per level.
                   A        B        C        D        E       F      G
               +--------+--------+--------+--------+--------+-----+--------+
         Total |   2390 |   2352 |     38 |    386 |    602 |   4 |  597.5 |
       Dungeon |   2390 |   2352 |     38 |    386 |    602 |   4 |  597.5 |
               +--------+--------+--------+--------+--------+-----+--------+

Top non-repeatable levels by time:
     D:2: 1238 daAuts
     D:1: 554 daAuts
     D:3: 333 daAuts
     D:4: 264 daAuts
